 Dungeon Crawl Stone Soup version 0.31-a0-152-g6aa68a64a1 (webtiles) character file.

Game seed: 12240123706333518730

621 qw the Shooter (level 7, 0/64 HPs)
             Began as a Naga Hunter on June 10, 2023.
             Slain by a hornet (10 damage)
             ... on level 5 of the Dungeon.
             The game lasted 00:01:03 (3150 turns).

qw the Shooter (Naga Hunter)                        Turns: 3150, Time: 00:01:04

Health: 0/64       AC:  6    Str: 17    XL:     7   Next: 46%
Magic:  7/7        EV: 10    Int:  9    God:
Gold:   189        SH:  0    Dex: 15    Spells: 6/6 levels left

rFire   . . .        Y - +0 shortbow (drain)
rCold   . . .        (shield currently unavailable)
rNeg    . . .        c - +0 leather armour
rPois   +            (no helmet)
rElec   .            (no cloak)
rCorr   .            d - +2 pair of gloves
SInv    +            (no barding)
Will    .....        (no amulet)
Stlth   ++           (no ring)
HPRegen 0.30/turn    (no ring)
MPRegen 0.10/turn

%: clarity
@: lethally poisoned (0 -> -3), about to teleport, short of breath, slowed, very
slow
A: AC +2, large, see invisible, deformed body, poison resistance, slowness 2,
spit poison 1, naga tail 1, clarity, strong 1, evolution 1
a: Spit Poison


You were on level 5 of the Dungeon.
You visited 1 branch of the dungeon, and saw 5 of its levels.

You collected 189 gold pieces.


Innate Abilities, Weirdness & Mutations

Your serpentine skin is tough. (AC +2)
You have supernaturally acute eyesight. (SInv)
Armour fits poorly on your strangely shaped body.
Your system is resistant to poisons. (rPois)
You cover ground very slowly.
You can spit poison.
You have a snake-like lower body.
You possess an exceptional clarity of mind.
Your muscles are strong. (Str +4, Int/Dex -1)
You have hidden genetic potential.


   Skills:
 - Level 4.1 Fighting
 + Level 7.0 Ranged Weapons
 - Level 2.2 Dodging
 - Level 1.5 Stealth


You had 6 spell levels left.
You didn't know any spells.
Your spell library was empty.

Inventory:

Hand Weapons
 Y - a +0 shortbow of draining (weapon)
Armour
 c - a +0 leather armour (worn)
 d - a +2 pair of gloves (worn)
Scrolls
 a - a scroll of fear {unknown}
 b - 2 scrolls of identify
 k - a scroll of teleportation
Potions
 g - a potion of haste
 h - 6 potions of curing
 i - a potion of mutation

Dungeon Overview and Level Annotations

Branches:
Dungeon (5/15)
 Temple: D:4-7

Altars:
Ru


Message History

Enter note: A hornet comes into view.
Found a fuming white potion.
Enter note:
Enter note:
Enter note:
Enter note:
3142 ||| INVOKING Spit Poison.
Aiming: Spit Poison (1% risk of failure)
Press: ? - help, Shift-Dir - straight line, f - hornet The splash of poison misses the hornet.
You shoot an arrow. The arrow hits the hornet.
The hornet is lightly wounded.
You shoot an arrow. The arrow barely misses the hornet.
The hornet stings you!
You feel yourself slow down.
You shoot an arrow. The arrow barely misses the hornet.
You feel yourself speed up.
You have got your breath back.
The hornet stings you.
You are poisoned.
The hornet closely misses you.
3146 ||| INVOKING Spit Poison.
Aiming: Spit Poison (1% risk of failure)
Press: ? - help, Shift-Dir - straight line, f/p - hornet The splash of poison misses the hornet.
You feel very sick. The hornet stings you.
You shoot an arrow. The arrow misses the hornet.
You feel very sick.
The hornet stings you but does no damage.
The hornet stings you.
You suddenly lose the ability to move!
You feel sick. The hornet stings you!
You feel sick. The hornet stings you!
You feel yourself slow down. The hornet stings you!
You can move again.
3150 ||| READING 2 scrolls of teleportation.
As you read the scroll of teleportation, it crumbles to dust.
You feel strangely unstable.
You feel sick. The hornet stings you!
You die...

#........#
####.....#
#.....# #
#.....# #
##.#.######
#..........
#...#.#####
.#########
#..###.....
......y@.#
#.#.#.#####
!#######.#
#.##.##
#.#####.##.#
#.......##.#
##########.#
#.# ..# ###


You could see a hornet.

Vanquished Creatures
  A black bear (D:5)
  2 ogres
  A phantom (D:5)
  Blork the orc (D:5)
  A scorpion (D:5)
  A howler monkey (D:5)
  Ijyb (D:4)
  5 adders
  2 dart slugs
  2 orcs (D:5)
  6 ball pythons
  4 endoplasms
  4 giant cockroaches
  7 goblins
  5 hobgoblins
  5 kobolds
  5 quokkas
  6 bats
  4 frilled lizards
  6 rats
69 creatures vanquished.

Notes
Turn   | Place    | Note
-------+----------+-------------------------------------------
     0 | D:1      | qw the Naga Hunter began the quest for the Orb.
     0 | D:1      | Reached XP level 1. HP: 19/19 MP: 1/1
     0 | D:1      | 0 ||| qw: Version: 0.2-a-29-g67ad517
     0 | D:1      | 0 ||| qw: Game counter: 3929
     0 | D:1      | 0 ||| qw: Always use a shield: true
     0 | D:1      | 0 ||| qw: God list: Okawaru
     0 | D:1      | 0 ||| qw: Allow faded altars: false
     0 | D:1      | 0 ||| qw: Do Orc after D:15 true
     0 | D:1      | 0 ||| qw: Do second Lair branch before Depths: true
     0 | D:1      | 0 ||| qw: Lair rune preference: random
     0 | D:1      | 0 ||| qw: Plans: Normal
     0 | D:1      | 0 ||| PLANNING D:1-11
    12 | D:1      | 12 ||| INVOKING Spit Poison.
    16 | D:1      | 16 ||| INVOKING Spit Poison.
    72 | D:1      | 72 ||| INVOKING Spit Poison.
    77 | D:1      | 77 ||| INVOKING Spit Poison.
   117 | D:1      | 117 ||| INVOKING Spit Poison.
   170 | D:1      | 170 ||| INVOKING Spit Poison.
   171 | D:1      | Reached skill level 4 in Ranged Weapons
   171 | D:1      | Reached XP level 2. HP: 26/26 MP: 2/2
   204 | D:1      | 204 ||| INVOKING Spit Poison.
   265 | D:1      | Found a faded altar of an unknown god.
   364 | D:1      | 364 ||| INVOKING Spit Poison.
   368 | D:1      | 368 ||| INVOKING Spit Poison.
   382 | D:1      | 382 ||| INVOKING Spit Poison.
   404 | D:1      | 404 ||| INVOKING Spit Poison.
   475 | D:1      | 475 ||| INVOKING Spit Poison.
   480 | D:1      | 480 ||| INVOKING Spit Poison.
   485 | D:1      | 485 ||| INVOKING Spit Poison.
   581 | D:1      | 581 ||| INVOKING Spit Poison.
   622 | D:1      | 622 ||| UPGRADING to +0 pair of gloves.
   627 | D:1      | 627 ||| READING scroll labelled CIULUO LODE.
   628 | D:1      | 628 ||| READING scroll labelled YSY NUGIKESAIS.
   629 | D:1      | 629 ||| READING scroll labelled LEITEM PUNTA.
   630 | D:1      | 630 ||| READING scroll labelled DAONLE DYTZE.
   631 | D:1      | 631 ||| READING scroll labelled PAUCITEPEI.
   632 | D:1      | 632 ||| DROPPING scroll of butterflies.
   721 | D:2      | 721 ||| INVOKING Spit Poison.
   725 | D:2      | 725 ||| INVOKING Spit Poison.
   726 | D:2      | 726 ||| INVOKING Spit Poison.
   739 | D:2      | 739 ||| INVOKING Spit Poison.
   744 | D:2      | Reached XP level 3. HP: 32/32 MP: 3/3
   745 | D:2      | 745 ||| INVOKING Spit Poison.
   748 | D:2      | 748 ||| INVOKING Spit Poison.
   751 | D:2      | 751 ||| INVOKING Spit Poison.
   776 | D:2      | 776 ||| INVOKING Spit Poison.
   779 | D:2      | 779 ||| INVOKING Spit Poison.
   785 | D:2      | 785 ||| INVOKING Spit Poison.
   785 | D:2      | HP: 8/32 [adder (2)]
   789 | D:2      | 789 ||| INVOKING Spit Poison.
   926 | D:2      | 926 ||| INVOKING Spit Poison.
   950 | D:2      | 950 ||| INVOKING Spit Poison.
   978 | D:2      | 978 ||| INVOKING Spit Poison.
  1050 | D:2      | 1050 ||| INVOKING Spit Poison.
  1107 | D:2      | 1107 ||| INVOKING Spit Poison.
  1125 | D:2      | 1125 ||| INVOKING Spit Poison.
  1137 | D:2      | 1137 ||| INVOKING Spit Poison.
  1189 | D:2      | 1189 ||| INVOKING Spit Poison.
  1338 | D:2      | 1338 ||| INVOKING Spit Poison.
  1343 | D:2      | Reached skill level 5 in Ranged Weapons
  1343 | D:2      | Reached XP level 4. HP: 28/39 MP: 4/4
  1583 | D:2      | 1583 ||| INVOKING Spit Poison.
  1681 | D:2      | 1681 ||| READING scroll labelled ZEQOYDWA GAEVVUKU.
  1684 | D:2      | 1684 ||| DRINKING 3 metallic purple potions.
  1714 | D:3      | 1714 ||| INVOKING Spit Poison.
  1768 | D:3      | 1768 ||| INVOKING Spit Poison.
  1769 | D:3      | 1769 ||| INVOKING Spit Poison.
  1839 | D:3      | 1839 ||| INVOKING Spit Poison.
  1852 | D:3      | 1852 ||| INVOKING Spit Poison.
  1878 | D:3      | 1878 ||| INVOKING Spit Poison.
  1921 | D:3      | 1921 ||| INVOKING Spit Poison.
  1935 | D:3      | 1935 ||| INVOKING Spit Poison.
  1986 | D:3      | 1986 ||| INVOKING Spit Poison.
  2032 | D:3      | 2032 ||| READING scroll labelled INYNIM LUAGARU.
  2033 | D:3      | 2033 ||| READING scroll labelled HAMMUGHEVE.
  2034 | D:3      | 2034 ||| DRINKING 3 metallic dark potions.
  2035 | D:3      | 2035 ||| DRINKING 2 clear potions.
  2036 | D:3      | 2036 ||| READING 2 scrolls of identify.
  2036 | D:3      | 2036 ||| IDENTIFYING murky cyan potion
  2037 | D:3      | 2037 ||| DROPPING potion of lignification.
  2038 | D:3      | 2038 ||| DROPPING 2 potions of invisibility.
  2052 | D:3      | 2052 ||| INVOKING Spit Poison.
  2129 | D:4      | 2129 ||| INVOKING Spit Poison.
  2274 | D:4      | Found a sacrificial altar of Ru.
  2328 | D:4      | 2328 ||| INVOKING Spit Poison.
  2394 | D:4      | 2394 ||| INVOKING Spit Poison.
  2412 | D:4      | 2412 ||| READING scroll of enchant armour.
  2412 | D:4      | 2412 ||| ENCHANTING +0 pair of gloves.
  2474 | D:4      | 2474 ||| INVOKING Spit Poison.
  2476 | D:4      | Reached skill level 3 in Fighting
  2479 | D:4      | Noticed Ijyb
  2480 | D:4      | 2480 ||| INVOKING Spit Poison.
  2484 | D:4      | 2484 ||| INVOKING Spit Poison.
  2489 | D:4      | Killed Ijyb
  2490 | D:4      | Reached XP level 5. HP: 46/49 MP: 5/5
  2616 | D:4      | 2616 ||| READING scroll of enchant armour.
  2616 | D:4      | 2616 ||| ENCHANTING +1 pair of gloves.
  2618 | D:4      | Noticed an ogre
  2621 | D:4      | 2621 ||| INVOKING Spit Poison.
  2623 | D:4      | Killed an ogre
  2684 | D:4      | 2684 ||| READING scroll labelled FITYRI OJUSO.
  2685 | D:4      | 2685 ||| DRINKING 2 white potions.
  2685 | D:4      | Gained mutation: Your muscles are strong. (Str +4, Int/Dex
                  | -1) [potion of mutation]
  2685 | D:4      | Gained mutation: You have hidden genetic potential. [potion
                  | of mutation]
  2722 | D:5      | Entered Level 5 of the Dungeon
  2751 | D:5      | 2751 ||| STAIRDANCE
  2768 | D:5      | Noticed a black bear
  2771 | D:5      | 2771 ||| INVOKING Spit Poison.
  2772 | D:5      | Killed a black bear
  2773 | D:5      | Reached skill level 6 in Ranged Weapons
  2773 | D:5      | Reached XP level 6. HP: 56/56 MP: 6/6
  2815 | D:5      | Gained mutation: You possess an exceptional clarity of
                  | mind. [hidden potential]
  2831 | D:5      | 2831 ||| INVOKING Spit Poison.
  2893 | D:5      | 2893 ||| INVOKING Spit Poison.
  2958 | D:5      | 2958 ||| INVOKING Spit Poison.
  2961 | D:5      | Reached XP level 7. HP: 64/64 MP: 7/7
  2969 | D:5      | 2969 ||| INVOKING Spit Poison.
  2972 | D:5      | 2972 ||| INVOKING Spit Poison.
  2976 | D:5      | Reached skill level 7 in Ranged Weapons
  3014 | D:5      | Noticed Blork the orc
  3015 | D:5      | 3015 ||| INVOKING Spit Poison.
  3018 | D:5      | 3018 ||| INVOKING Spit Poison.
  3021 | D:5      | Killed Blork the orc
  3141 | D:5      | Noticed a hornet
  3142 | D:5      | 3142 ||| INVOKING Spit Poison.
  3146 | D:5      | 3146 ||| INVOKING Spit Poison.
  3147 | D:5      | Paralysed by a hornet for 3 turns
  3149 | D:5      | HP: 11/64 [hornet (8)]
  3150 | D:5      | 3150 ||| READING 2 scrolls of teleportation.
  3150 | D:5      | Slain by a hornet

Levels and vault maps discovered:
D:1:      minmay_arrival_arboretum_small, layout_basic,
          shapermc_ecumenical_altar_ellora
D:2:      layout_basic, corexii_corridor_pit
D:3:      layout_rooms
D:4:      layout_basic, nicolae_overflow_hidden_temple, uniq_ijyb
D:5:      layout_loops_ring, uniq_blork_the_orc

Skill      XL: |  1  2  3  4  5  6  7 |
---------------+----------------------+-----
Ranged Weapons | 4 5 6 7 |  7.0
Fighting       | 3 4 |  4.1
Dodging        | 2 |  2.2
Stealth        | |  1.5

Action                     |  1- 3 |  4- 6 |  7- 9 || total
---------------------------+-------+-------+-------++-------
  Melee: Unarmed           |       |     6 |       ||     6
   Fire: Shortbow          |    73 |    51 |    14 ||   138
Ability: Spit Poison       |    34 |    21 |     6 ||    61
    Use: Scroll            |     5 |     7 |     1 ||    13
         Potion            |       |     4 |       ||     4
 Armour: Leather armour    |    16 |     2 |     4 ||    22
         Skin              |       |     3 |       ||     3
  Dodge: Dodged            |    39 |     3 |     2 ||    44

Table legend:
 A = Non-vault XP
 B = Vault XP
 C = Vault XP percentage of total XP
 D = Non-vault monster count
 E = Vault monster count
 F = Vault count percentage of total count
                 A         B        C        D         E       F
            +---------+---------+-------+---------+---------+-------
      Total |     761 |     127 |  14.3 |      67 |       2 |   2.9
            +---------+---------+-------+---------+---------+-------
        D:1 |      29 |       0 |   0.0 |      18 |       0 |   0.0
        D:2 |      58 |       0 |   0.0 |      21 |       0 |   0.0
        D:3 |      36 |       0 |   0.0 |      13 |       0 |   0.0
        D:4 |     144 |      36 |  20.0 |       7 |       1 |  12.5
        D:5 |     494 |      91 |  15.6 |       8 |       1 |  11.1
            +---------+---------+-------+---------+---------+-------
